 Dungeon Crawl Stone Soup version 0.28-a0-863-g8cecda6153 (webtiles) character file.

Game seed: 3369979613248620997

231 Peloso the Covered (level 5, -1/46 (47) HPs)
             Began as a Minotaur Fighter on Nov 19, 2021.
             Slain by a wight (5 damage)
             ... on level 4 of the Dungeon.
             The game lasted 00:05:06 (3356 turns).

Peloso the Covered (Minotaur Fighter)               Turns: 3356, Time: 00:05:06

HP:   -1/46 (47)    AC: 10    Str: 26    XL:     5   Next: 72%
MP:   4/4           EV:  8    Int:  5    God:
Gold: 150           SH:  4    Dex: 11    Spells: 4/4 levels left

rFire   . . .      SeeInvis .   a - +0 long sword
rCold   . . .      Faith    .   c - +0 buckler
rNeg    . . .      Spirit   .   e - +1 chain mail
rPois   .          Reflect  .   (helmet restricted)
rElec   .          Harm     .   g - scarf {shadows}
rCorr   .          Rampage  .   (no gloves)
Will    .....                   (no boots)
Stlth   ..........              (no amulet)
HPRegen 0.15/turn               h - +6 ring of strength
MPRegen 0.09/turn               (no ring)

@: lightly drained
A: horns 2, retaliatory headbutt
a: no special abilities


You were on level 4 of the Dungeon.
You visited 1 branch of the dungeon, and saw 4 of its levels.

You collected 150 gold pieces.

Inventory:

Hand Weapons
 a - a +0 long sword (weapon)
Armour
 b - a +0 scale mail
 c - a +0 buckler (worn)
 e - a +1 chain mail (worn)
 g - a scarf of shadows (worn)
Jewellery
 h - a +6 ring of strength (left hand)
Scrolls
 j - a scroll of teleportation
 l - a scroll of identify
 n - a scroll of amnesia {unknown}
 o - a scroll of enchant weapon {unknown}
Potions
 d - a potion of might
 f - a potion of lignification {unknown}
 i - a potion of curing
 k - a potion of brilliance {unknown}
 m - 4 potions of haste {unknown}


   Skills:
 + Level 4.8 Fighting
 + Level 4.7 Long Blades
 + Level 5.0 Armour
 + Level 1.3 Dodging
 + Level 4.2 Shields


You had 4 spell levels left.
You didn't know any spells.
Your spell library contained the following spells:

 Spells                   Type           Power      Damage    Failure   Level
 Corpse Rot               Necr/Air       0%         N/A       99%         2
 Passwall                 Tmut/Erth      0%         N/A       99%         2
 Poisonous Vapours        Pois/Air       0%         N/A       99%         2
 Swiftness                Air            0%         N/A       100%        3


Dungeon Overview and Level Annotations

Branches:
Dungeon (4/15)
 Temple: D:4-7

Altars:

Annotations:
D:2 1 runed translucent door, Crazy Yiuf


Innate Abilities, Weirdness & Mutations

You have a pair of horns on your head.
You reflexively headbutt those who attack you in melee.


Message History

You barely miss the wight. Your headbutt misses the wight.
The wight hits you but does no damage. The wight barely misses you.
You barely miss the wight. You headbutt the wight.
The wight is moderately damaged.
The wight hits you with a +3 morningstar.
You hit the wight.
The wight is heavily damaged.
The wight hits you with a +3 morningstar.
You feel drained.
You closely miss the wight. Your headbutt misses the wight.
The wight is heavily damaged.
The wight hits you but does no damage.
Your chain mail prevents you from hitting the wight.
The wight is heavily damaged.
The wight closely misses you.
Your chain mail prevents you from hitting the wight.
The wight is heavily damaged.
The wight hits you with a +3 morningstar!
You feel drained.
The wight hits you with a +3 morningstar!
You barely miss the wight. Your headbutt misses the wight.
The wight is heavily damaged.
The wight closely misses you. You furiously retaliate!
You headbutt the wight, but do no damage.
You slash the wight!
You destroy the wight!
Your life force feels restored.
Your Armour skill increases to level 5!
You hit the wight. Your headbutt misses the wight.
The wight is moderately damaged.
You block the wight's attack.
The wight hits you from afar with a +4 trident.
You feel drained.
* * * LOW HITPOINT WARNING * * *
You slash the wight!
The wight is severely damaged.
The wight hits you with a +5 mace of freezing!
* * * LOW HITPOINT WARNING * * *
The wight freezes you.
You die...

#...............#....#
#........#.#....#......
#........#..............
#........####...........
#####..#.# #.##.####
#.##....# #.#####.# #.#
#@# #.# #z# ..# #z# ...
... ..... .....


You could see 2 wights.

Vanquished Creatures
  A wight (D:4)
  An iguana (D:4)
  A hound skeleton (D:4)
  Robin (D:3)
  7 adders
  3 worms
  2 orcs
  8 ball pythons
  5 endoplasms
  15 goblins
  5 hobgoblins
  3 jackals (D:1)
  5 kobolds
  2 quokkas (D:2)
  5 bats
  A frilled lizard (D:1)
  A quokka skeleton (D:4)
  5 rats
  A bush (D:1)
72 creatures vanquished.

Vanquished Creatures (others)
  3 plants (D:1)
3 creatures vanquished.

Grand Total: 75 creatures vanquished

Notes
Turn   | Place    | Note
-------+----------+-------------------------------------------
     0 | D:1      | Peloso the Minotaur Fighter began the quest for the Orb.
     0 | D:1      | Reached XP level 1. HP: 19/19 MP: 0/0
    74 | D:1      | Reached XP level 2. HP: 19/27 MP: 1/1
   313 | D:1      | Reached skill level 4 in Armour
   674 | D:1      | Found a faded altar of an unknown god.
  1065 | D:2      | Reached XP level 3. HP: 28/33 MP: 2/2
  1500 | D:2      | Reached XP level 4. HP: 38/41 MP: 3/3
  1628 | D:2      | Found a runed translucent door.
  1629 | D:2      | Noticed Crazy Yiuf
  2490 | D:3      | Noticed Robin
  2512 | D:3      | Killed Robin
  2948 | D:3      | Reached XP level 5. HP: 5/47 MP: 4/4
  3235 | D:4      | Reached skill level 1 in Dodging
  3355 | D:4      | Reached skill level 5 in Armour
  3356 | D:4      | Slain by a wight

Illustrated notes

Levels and vault maps discovered:
D:1:      dpeg_arrival_lava_altar, layout_basic,
          chequers_ecumenical_altar_island, serial_forest,
          infiniplex_forest_clump_small, infiniplex_forest_pool,
          infiniplex_forest_lined_room_2, infiniplex_forest_end_3,
          infiniplex_forest_straight_3, infiniplex_forest_clump_double,
          infiniplex_forest_clump_medium
D:2:      layout_rooms, minmay_hedge_maze, uniq_crazy_yiuf_cottage
D:3:      layout_loops_corners, uniq_robin
D:4:      layout_rooms

Skill      XL: |  1  2  3  4  5 |
---------------+----------------+-----
Armour         | 4 5 |  5.0
Fighting       | 4 |  4.8
Shields        | 4 |  4.2
Long Blades    | 3 4 |  4.7
Dodging        | 1 |  1.3

Action                   |  1- 3 |  4- 6 || total
-------------------------+-------+-------++-------
Melee: Long sword        |   106 |    77 ||   183
       Headbutt          |    27 |    18 ||    45
  Use: Scroll            |       |     3 ||     3
Armor: Scale mail        |    15 |       ||    15
       Chain mail        |    23 |    38 ||    61
Dodge: Dodged            |    41 |    33 ||    74
Block: Buckler           |    12 |    20 ||    32

Table legend: (Time is in decaauts)
 A = Elapsed time spent in this place.
 B = Non-inter-level travel time spent in this place.
 C = Inter-level travel time spent in this place.
 D = Time resting spent in this place.
 E = Time spent auto-exploring this place.
 F = Levels seen in this place.
 G = Mean time per level.
                   A        B        C        D        E       F      G
               +--------+--------+--------+--------+--------+-----+--------+
         Total |   3407 |   3306 |    101 |    273 |   2483 |   4 |  851.8 |
       Dungeon |   3407 |   3306 |    101 |    273 |   2483 |   4 |  851.8 |
               +--------+--------+--------+--------+--------+-----+--------+

Top non-repeatable levels by time:
     D:3: 1271 daAuts
     D:1: 1084 daAuts
     D:2: 910 daAuts
     D:4: 140 daAuts
